[Event "*** Titled Tuesday Blitz"]
[Site "Chess.com"]
[Date "2021.04.27"]
[Round "2"]
[White "SF-96"]
[Black "Elshan1985"]
[Result "1-0"]
[WhiteElo "2607"]
[BlackElo "2883"]
[TimeControl "180+1"]
[EndTime "10:19:26 PDT"]
[Termination "SF-96 won by resignation"]

1. Nf3 d5 2. g3 c6 3. Bg2 Bg4 4. O-O Nd7 5. d4 e6 6. c4 Bd6 7. Qb3 Rb8 8. Nc3 f5 9. Ng5 Qe7 10. cxd5 exd5 11. Bxd5 cxd5 12. Nxd5 Qf8 13. Bf4 Bxf4 14.
Nxf4 Ngf6 15. h3 Bh5 16. e4 Bf7 17. Qe3 fxe4 18. Rfe1 Qe7 19. Nxf7 Qxf7 20. Qa3 g5 21. Nd3 Qe7 22. Qb3 Kf8 23. Rac1 Kg7 24. Nc5 Nxc5 25. Rxc5 Qf7 26. Rxg5+ Kf8 27. Qa3+ Qe7 28. Qe3 Rg8 29. Rf5 Rg6 30. Qf4 Re8 31. g4 Kg7 32. Rc1 Qe6 33. Re5 Qf7 34. Rf5 Qe6 35. Rc7+ Re7 36. Re5 Qxe5 37. Qxe5 Rf7 38. Rxf7+ Kxf7 39. Qc7+ Ke6 40.
Qxb7 h5 41. Qxa7 hxg4 42. hxg4 Rxg4+ 43. Kf1 Rg5 44. Qb6+ Kf5 45. a4 Nd5 46. Qc5 Kf4 47. Qd6+ Kf3 48. Qa3+ e3 49. Qd3 Kf4 50. fxe3+ Nxe3+ 51. Ke1 Rg1+ 52. Ke2 Rg2+ 53. Ke1 Rg1+ 54. Kd2 Rd1+ 55. Kc3 Rxd3+ 56. Kxd3 Nd5 57. a5 Kf5 58. Kc4 Ke6 59. Kc5 Nc7 60. b4 Kd7 61. b5 Ne6+ 62. Kc4 Kd6 63. b6 Kc6 64. d5+ 1-0

[Event "*** Titled Tuesday Blitz"]
[Site "Chess.com"]
[Date "2021.04.27"]
[Round "2"]
[White "seorobert1971"]
[Black "Sueetin"]
[Result "1-0"]
[WhiteElo "2751"]
[BlackElo "2523"]
[TimeControl "180+1"]
[EndTime "10:19:26 PDT"]
[Termination "seorobert1971 won by resignation"]

1. e4 e5 2. Nf3 Nf6 3. Nxe5 d6 4.
Nf3 Nxe4 5. d4 d5 6. Bd3 Bd6 7. O-O O-O 8. c4 c6 9. Qc2 h6 10. Bxe4 dxe4 11. Qxe4 Re8 12. Qd3 Na6 13. a3 Qf6 14. Nc3 Bf5 15. Qd1 Rad8 16. Be3 Nc7 17. d5 cxd5 18. cxd5 b6 19. Nd4 Bd7 20. Qf3 Qxf3 21.
Nxf3 Nb5 22. Nxb5 Bxb5 23. Rfd1 Be2 24. Rd2 Bxf3 25. gxf3 Be5 26. Rad1 Rd6 27. f4 Bf6 28. Kg2 Red8 29. Kf3 Kf8 30. f5 Be5 31. Bf4 Bxf4 32.
Kxf4 Ke7 33. Ke5 f6+ 34. Kf4 R6d7 35. Kg4 Kd6 36. Kh5 Re8 37. Rc2 Rc7 38. Rxc7 Kxc7 39. d6+ Kd7 40. Kg6 Re5 41. Rd2 h5 42. h4 Rc5 43. f4 a5 44. Rd4 b5 45. Kxg7 Rxf5 46. Kg6 Rc5 47. Kxf6 Rc2 48. b4 a4 49. Rd5 Rc3 50.
Rxb5 Kxd6 51. Rxh5 Rxa3 52. Ra5 Rh3 53. Rxa4 Rxh4 54.
f5 Rh6+ 55. Kg7 Rh1 56. f6 Rg1+ 57. Kf7 Rg2 58. b5 Kd7 59. Rd4+ Kc7 60. Kf8 1-0

[Event "*** Titled Tuesday Blitz"]
[Site "Chess.com"]
[Date "2021.04.27"]
[Round "2"]
[White "Superfelix"]
[Black "OhanyanEminChess"]
[Result "1-0"]
[WhiteElo "2489"]
[BlackElo "2647"]
[TimeControl "180+1"]
[EndTime "10:19:27 PDT"]
[Termination "Superfelix won on time"]

1. e4 e5 2. Nf3 Nc6 3. d4 exd4 4.
Nxd4 Nf6 5. Nc3 Nxe4 6. Nxe4 Qe7 7. f3 d5 8. Nxc6 bxc6 9. Qe2 dxe4 10. Qxe4 Bf5 11.
Qxe7+ Bxe7 12. Bf4 O-O 13. O-O-O a5 14. Bxc7 a4 15. a3 Bg5+ 16. f4 Bf6 17. Bd3 Be6 18. Be5 Bxe5 19. fxe5 Bd5 20. Rhg1 Ra5 21. Rde1 Re8 22.
Re2 c5 23. c3 Ra7 24. Rd1 Bb3 25. Rde1 Kf8 26. Bc2 Bc4 27. Re4 Bb5 28. e6 f6 29. g4 h6 30. h4 Ke7 31. g5 hxg5 32. hxg5 Rh8 33. gxf6+ gxf6 34. Rg1 Kd6 35. e7 Re8 36.
Rd1+ Kc7 37. Re6 Bd7 38. Re3 f5 39. Re5 f4 40. Rxc5+ Kb6 41. Re5 Bg4 42. Rd6+ Kc7 43. Rd4 Bd7 44. Rxf4 Rh8 45. Rf8 Rh1+ 46. Bd1 Ra6 47.
e8=Q Bxe8 48. Rfxe8 Rd6 49. R8e7+ Kd8 50. Re1 Rh2 51. Bf3 Rdd2 52. Re8+ Kc7 53. R1e7+ Kd6 54. Rd8+ Kc5 55. Rxd2 Rh1+ 56. Kc2 Rh4 57. Re5+ Kb6 58.
Re4 1-0

[Event "*** Titled Tuesday Blitz"]
[Site "Chess.com"]
[Date "2021.04.27"]
[Round "2"]
[White "Susal_De_Silva"]
[Black "monikarozman"]
[Result "1-0"]
[WhiteElo "2616"]
[BlackElo "2188"]
[TimeControl "180+1"]
[EndTime "10:19:30 PDT"]
[Termination "Susal_De_Silva won by resignation"]

1. e4 c5 2. Nf3 Nc6 3. Bb5 g6 4. Bxc6 dxc6 5. h3 Bg7 6. d3 Nf6 7. O-O Nd7 8. Nc3 e5 9. Be3 b6 10. a4 Nf8 11. a5 Rb8 12. axb6 axb6 13. Nd2 Ne6 14. Ra7 O-O 15. Nc4 b5 16. Nd2 Nd4 17. Ne2 Kh8 18. c3 Ne6 19. Nb3 Qd6 20. f4 exf4 21. Nxf4 f5 22. Nxe6 Qxe6 23. Nxc5 Qe8 24. Qd2 Rf7 25. Rxf7 Qxf7 26. exf5 gxf5 27. d4 Ra8 28.
Bf4 Ra2 29. Qe2 b4 30. Qe3 bxc3 31. bxc3 Bf6 32. Kh2 Qg6 33. Bg3 h5 34. Qf3 h4 35.
Bf4 Rc2 36. Rf2 Rxf2 37. Qxf2 Kh7 38. Nd3 Be6 39. Ne5 Qg7 40. Nf3 Bd5 41. Nxh4 Bxh4 42. Qxh4+ Kg8 43. Bg3 Qg6 44. Qf4 Qe6 45. h4 Qe2 46.
Qf2 Qxf2 47. Bxf2 Kh7 48. Kg3 Kg6 49. Be3 Kh5 50. Bg5 Be4 51. Kf4 Bxg2 52. Kxf5 Bd5 53. Ke5 Bf3 54. Kd6 Be4 55. Kc5 Bf3 56. c4 Kg4 57. d5 cxd5 58. cxd5 Kf5 59. Kd6 Bh5 60. Ke7 Ke5 61. d6 Bg4 62. d7 1-0

[Event "*** Titled Tuesday Blitz"]
[Site "Chess.com"]
[Date "2021.04.27"]
[Round "2"]
[White "Redzishchess"]
[Black "Margency"]
[Result "0-1"]
[WhiteElo "2312"]
[BlackElo "2664"]
[TimeControl "180+1"]
[EndTime "10:19:30 PDT"]
[Termination "Margency won by checkmate"]

1. d4 d5 2. Nf3 e6 3. c4 c5 4. cxd5 exd5 5. g3 Nc6 6. Bg2 Nf6 7. O-O Be7 8. dxc5 Bxc5 9. Nc3 O-O 10. Bg5 d4 11.
Bxf6 Qxf6 12. Ne4 Qe7 13. Nxc5 Qxc5 14. Rc1 Qb6 15. Qd2 Bg4 16. Rfd1 Rad8 17. Rc4 Be6 18. Ra4 Qb5 19. b3 Rd7 20. Nxd4 Nxd4 21. Rxd4 Rxd4 22.
Qxd4 Qxe2 23. Bxb7 Qxa2 24. Ra1 Qxb3 25. Rxa7 Bh3 26.
Qa1 g6 27. Bh1 h5 28. Ra8 Bc8 29. Qc1 Bh3 30. Rxf8+ Kxf8 31. Bg2 Be6 32. Qh6+ Kg8 33. Qc1 Kh7 34. h4 Qb4 35. Bf3 Qb3 36. Kg2 Bh3+ 37. Kxh3 Qxf3 38. Qe1 Kg8 39. Kh2 Kg7 40. Qe5+ Qf6 41.
Qe3 Qf5 42. Kg2 Kf6 43. Qd4+ Qe5 44. Qb6+ Kf5 45. Qd8 Qe4+ 46. Kg1 Qe1+ 47. Kg2 Qe4+ 48. Kg1 f6 49. Qd7+ Qe6 50. Qd3+ Qe4 51. Qd7+ Ke5 52. Qb5+ Qd5 53. Qe8+ Kf5 54. Qc8+ Ke4 55. Qc2+ Kf3 56. Qc3+ Kg4 57. Qxf6 Kh3 58. Qa1 Qg2# 0-1

[Event "*** Titled Tuesday Blitz"]
[Site "Chess.com"]
[Date "2021.04.27"]
[Round "2"]
[White "DarZay"]
[Black "Taktikmonster"]
[Result "0-1"]
[WhiteElo "2165"]
[BlackElo "2414"]
[TimeControl "180+1"]
[EndTime "10:19:30 PDT"]
[Termination "Taktikmonster won by checkmate"]

1. e4 c5 2. Nc3 Nc6 3. f4 g6 4. Nf3 Bg7 5. e5 d6 6. Bb5 Bd7 7. exd6 exd6 8. Ne4 Qe7 9. Qe2 O-O-O 10. d3 d5 11. Ng3 Qxe2+ 12. Nxe2 Nge7 13. c3 h5 14. Be3 b6 15. O-O-O Nf5 16. Bf2 Rhe8 17. Rhe1 Ne3 18. Bxe3 Rxe3 19. d4 c4 20. Bxc6 Bxc6 21. Ne5 Be8 22.
Ng3 Rxe1 23. Rxe1 f6 24. Nf3 Bh6 25. Ne2 Bd7 26. Nh4 g5 27. Ng6 Re8 28. Kd2 Bf5 29. fxg5 fxg5 30. Ne5 g4+ 31. Kd1 Be4 32. Rg1 Rf8 33.
Ke1 Be3 34. Rf1 Bd2+ 35. Kxd2 Rxf1 36. Ng3 Rg1 37. Nxh5 Rxg2+ 38. Ke3 Rxh2 39. Nxg4 Rxh5 40. Nf6 Rh2 41. Nxe4 dxe4 42. Kxe4 Rxb2 43. d5 Rxa2 44. Kd4 a5 45. Kxc4 Kb7 46. Kb3 Rd2 47. Kc4 a4 48.
Kb4 Rxd5 49. Kxa4 b5+ 50. Kb4 Kb6 51. Kb3 Kc5 52. Ka3 Kc4 53. Kb2 Rd2+ 54. Kb1 Kxc3 55.
Kc1 b4 56. Kb1 Rg2 57. Ka1 b3 58. Kb1 Rg1# 0-1

[Event "*** Titled Tuesday Blitz"]
[Site "Chess.com"]
[Date "2021.04.27"]
[Round "2"]
[White "MikeSailer"]
[Black "DanielTitichoca"]
[Result "1-0"]
[WhiteElo "2174"]
[BlackElo "2395"]
[TimeControl "180+1"]
[EndTime "10:19:31 PDT"]
[Termination "MikeSailer won on time"]

1. d4 Nf6 2. Nf3 c5 3. c3 cxd4 4. cxd4 Nc6 5. Nc3 d5 6. Bf4 Bf5 7. Qb3 Rc8 8. e3 Na5 9. Qa4+ Bd7 10. Bb5 e6 11. Bxd7+ Nxd7 12. Ne5 Nc6 13. O-O Ndxe5 14.
Bxe5 f6 15. Bg3 Bd6 16. Bxd6 Qxd6 17. Nb5 Qb8 18. Qa3 Kd7 19. Rac1 a6 20. Nc3 Qd6 21. Qa4 Qb4 22. Qd1 Ne7 23. e4 Rc6 24. exd5 Nxd5 25. Nxd5 exd5 26. Qg4+ Kd6 27. Rxc6+ Kxc6 28. Qxg7 Qf8 29.
Rc1+ Kb6 30. Qc7+ Ka7 31. g3 Qb4 32. Qc5+ Qxc5 33. Rxc5 Rd8 34. Rc7 Re8 35. Kf1 Re4 36. Rxh7 Rxd4 37. Ke2 Rc4 38. Kd3 Rc1 39. h4 Rb1 40.
Rf7 Rxb2 41. Rxf6 Rxa2 42. h5 Ra1 43. g4 Rh1 44. h6 a5 45. g5 a4 46. Rf4 b5 47.
Kc3 Kb6 48. Kb2 Ka5 49. Rd4 b4 50. Rxd5+ Kb6 51. Rd4 Kc5 52. Rg4 Rh2 53. Rf4 Rg2 54. h7 Rh2 55. g6 a3+ 56. Kb3 Rh3+ 57. f3 1-0

[Event "*** Titled Tuesday Blitz"]
[Site "Chess.com"]
[Date "2021.04.27"]
[Round "2"]
[White "RafalBRC"]
[Black "VinzentSpitzl"]
[Result "1/2-1/2"]
[WhiteElo "2171"]
[BlackElo "2404"]
[TimeControl "180+1"]
[EndTime "10:19:33 PDT"]
[Termination "Game drawn by repetition"]

1. d4 f5 2. Nc3 Nf6 3. Bg5 g6 4. e3 Bg7 5. Nf3 d6 6. Bc4 e6 7.
e4 fxe4 8. Nxe4 O-O 9. O-O d5 10. Nxf6+ Bxf6 11. Bxf6 Qxf6 12. Bd3 Nc6 13. c3 e5 14.
dxe5 Nxe5 15. Nxe5 Qxe5 16. Re1 Qf6 17. Qd2 Be6 18.
Re3 c6 19. Rae1 Rae8 20. b4 Kg7 21. Qc2 Bd7 22. h3 Re6 23. Rxe6 Bxe6 24. Re3 Rf7 25. a4 b6 26. Rf3 Qe5 27. Re3 Qd6 28. Qe2 Bd7 29.
g3 c5 30. bxc5 bxc5 31. Bb5 Bf5 32. g4 Bc8 33. Be8 Rc7 34. Bb5 Rf7 35. Be8 Rc7 36. Bb5 a6 37. Be8 Qf6 38. a5 d4 39. cxd4 cxd4 40.
Rf3 Qd6 41. Ba4 Bb7 42. Rd3 Rc1+ 43. Bd1 Qd5 44. f3 Qd6 45. Kg2 Rc7 46. Qd2 Rd7 47. Ba4 Rd8 48. Bb3 Bc6 49. Bc4 Bb5 50. Bxb5 axb5 51. Qe1 Rd7 52. Qe4 b4 53. a6 Qxa6 54.
Rxd4 Rxd4 55. Qxd4+ Kg8 56. Qxb4 Qe2+ 57. Kg3 Qe5+ 58. Qf4 Qe1+ 59. Kg2 Qe2+ 60. Kg3 Qe1+ 61. Kg2 Qe2+ 62. Kg3 Qe1+ 1/2-1/2

[Event "*** Titled Tuesday Blitz"]
[Site "Chess.com"]
[Date "2021.04.27"]
[Round "2"]
[White "TeukkaSalama"]
[Black "aljado"]
[Result "1-0"]
[WhiteElo "2367"]
[BlackElo "2043"]
[TimeControl "180+1"]
[EndTime "10:19:33 PDT"]
[Termination "TeukkaSalama won on time"]

1. d4 d5 2. Bf4 Bf5 3. e3 e6 4. c4 c6 5. Nf3 Nf6 6. Qb3 Qb6 7. c5 Qxb3 8. axb3 a6 9. Nbd2 Nbd7 10. b4 Be7 11. Nb3 O-O 12. Na5 Ra7 13. h3 Rc8 14. g4 Be4 15. Bg2 Ne8 16. O-O Nc7 17. Nd2 Bd3 18. Rfe1 Nb5 19. f3 f6 20. Bf1 Bxf1 21.
Nxf1 e5 22. Bg3 Kf7 23. Rad1 g5 24. Bf2 h5 25. Ng3 hxg4 26. hxg4 Rh8 27. Nf5 Bd8 28. Kg2 Bxa5 29. bxa5 Raa8 30. Rh1 Raf8 31. Rh6 Rxh6 32.
Nxh6+ Kg6 33. Rh1 Rh8 34. Nf5 Rxh1 35. Kxh1 Kf7 36. Kg2 Ke6 37. Kf1 Kf7 38. Ke2 Ke6 39.
Kd3 Nf8 40. Bg3 Ng6 41. Ng7+ Kf7 42. Nf5 Ke6 43. Bh2 Nf8 44. e4 exd4 45. Nxd4+ Nxd4 46. Kxd4 dxe4 47. Kxe4 Nd7 48. Bd6 Ne5 49. Bc7 Nc4 50.
b4 Nd2+ 51. Ke3 Nc4+ 52. Kd4 Ne5 53. Ke4 Nc4 54. f4 gxf4 55. Bxf4 Nb2 56. Kd4 Nd1 57. Bg3 Nb2 58. Kc3 Nd1+ 59. Kd2 Nb2 60. Kc2 Nc4 61. Kd3 1-0

[Event "*** Titled Tuesday Blitz"]
[Site "Chess.com"]
[Date "2021.04.27"]
[Round "2"]
[White "ChronicUnhappiness"]
[Black "Shahinyan_ChessMood"]
[Result "0-1"]
[WhiteElo "2332"]
[BlackElo "2803"]
[TimeControl "180+1"]
[EndTime "10:19:34 PDT"]
[Termination "Shahinyan_ChessMood won on time"]

1. d4 Nf6 2. c4 c5 3. d5 g6 4. Nc3 Bg7 5. e4 d6 6. Nf3 O-O 7. h3 e6 8. Bd3 exd5 9. exd5 Re8+ 10. Be3 Nbd7 11. O-O a6 12. Qd2 b5 13. cxb5 Nb6 14. Bg5 Qd7 15. bxa6 Bxa6 16. Bxa6 Rxa6 17. Rfe1 Rea8 18. Rad1 Na4 19. Nxa4 Rxa4 20. a3 Ne4 21. Qc2 Nxg5 22. Nxg5 Rb8 23. b4 cxb4 24. axb4 Raxb4 25. Qc6 Qd8 26. Ne4 R4b6 27. Qc4 h5 28. Qd3 Rb3 29. Qc2 Qh4 30. Rb1 Rb2 31. Rxb2 Rxb2 32. Qc8+ Kh7 33. g3 Qe7 34. Qc1 Qd8 35. h4 Bd4 36. Qg5 Qxg5 37.
hxg5 Kg7 38. Rd1 Ba7 39. Kg2 Rb5 40. Kf3 Rb3+ 41. Kg2 Rb2 42. Kf3 Kf8 43. Rd3 Ke7 44. Kg2 Bb6 45. Kf3 Kd7 46. Kg2 Kc7 47. Kf3 Kd7 48. Kg2 Bd8 49. Kf3 Rb5 50. Kg2 Be7 51.
Kf3 Rb4 52. Rd2 Rb3+ 53. Kg2 Kc7 54. Rd1 Kb6 55. Rd2 Kb5 56. Rd4 Rb4 57. Rxb4+ Kxb4 58. Kf3 Kc4 59. Nd2+ Kxd5 60. Ne4 Ke5 61. Ke3 d5 62. f4+ Ke6 63. Nd2 Bc5+ 0-1

[Event "*** Titled Tuesday Blitz"]
[Site "Chess.com"]
[Date "2021.04.27"]
[Round "2"]
[White "Novoselski"]
[Black "dodorox"]
[Result "1-0"]
[WhiteElo "2402"]
[BlackElo "2128"]
[TimeControl "180+1"]
[EndTime "10:19:34 PDT"]
[Termination "Novoselski won by checkmate"]

1. b3 e5 2. Bb2 d6 3. e3 f5 4. c4 Nf6 5. d4 e4 6. d5 g6 7. Nh3 Bg7 8. Nf4 O-O 9. h4 Qe7 10.
Be2 Ng4 11. Bxg7 Qxg7 12. Nd2 Ne5 13. g3 Na6 14. a3 Nc5 15. b4 Ncd3+ 16. Bxd3 exd3 17.
Rc1 a5 18. Qb3 axb4 19. axb4 Bd7 20. b5 Ra5 21. Nxd3 Nxd3+ 22. Qxd3 Rfa8 23. O-O b6 24. Nf3 Ra3 25. Qd4 R8a4 26. Rfd1 Rb4 27. Qxg7+ Kxg7 28. Rd4 Raa4 29. Nd2 Kf6 30. f4 Ra2 31. Kf2 Raa4 32. e4 Bxb5 33. e5+ dxe5 34. fxe5+ Kxe5 35. Nf3+ Kf6 36. cxb5 Rxd4 37. Nxd4 Rxd4 38. Rxc7 Rxd5 39. Rc6+ Ke7 40.
Rxb6 Kd7 41. Rb7+ Kd6 42. b6 Kc6 43. Rxh7 Kxb6 44. Rh6 Rd6 45. h5 Kc7 46. Rxg6 Rd2+ 47. Kf3 Kd7 48. Kf4 Ke7 49. Kxf5 Rd5+ 50. Kg4 Kf7 51.
Rg5 Rd4+ 52. Kh3 Kf6 53. Rg6+ Kf7 54. g4 Rc4 55. Kh4 Rd4 56. Ra6 Kg7 57. h6+ Kh7 58. Kh5 Rd5+ 59. g5 Rb5 60. Ra7+ Kg8 61. Rg7+ Kh8 62. Rf7 Ra5 63. Kg6 Ra6+ 64. Rf6 Ra7 65. Rf8# 1-0

[Event "*** Titled Tuesday Blitz"]
[Site "Chess.com"]
[Date "2021.04.27"]
[Round "2"]
[White "Ermito2020"]
[Black "Fandorine"]
[Result "1-0"]
[WhiteElo "2609"]
[BlackElo "2900"]
[TimeControl "180+1"]
[EndTime "10:19:36 PDT"]
[Termination "Ermito2020 won by resignation"]

1. e4 c5 2. Nf3 e6 3. d4 cxd4 4.
Nxd4 Nc6 5. Nc3 Qc7 6. Be3 a6 7. Qf3 Ne5 8. Qg3 Bd6 9. f4 Ng6 10. e5 Bb4 11. Bd2 d6 12. a3 Bc5 13. Nb3 dxe5 14. fxe5 Be7 15. O-O-O Qxe5 16. Qf3 Nf6 17. Bd3 O-O 18. g4 Qc7 19. g5 Ne5 20. Qh3 Nxd3+ 21. Qxd3 Ng4 22. Ne4 f5 23. gxf6 Nxf6 24. Rhg1 Nxe4 25.
Qxe4 Bf6 26. Kb1 Bd7 27. Bf4 Bc6 28. Qxe6+ Qf7 29. Qxf7+ Rxf7 30. Bg5 Be5 31. h4 Raf8 32. Nd4 Bd7 33. Be3 h6 34. Bxh6 Kh7 35. Be3 b5 36.
c3 Re8 37. Rde1 Bh2 38. Rh1 Bg3 39. Re2 Bg4 40. Rg2 Rxe3 41. Rhg1 Bxh4 42. Rxg4 Bf6 43. Rh1+ Kg8 44. Nf5 Re2 45. Nh6+ Kf8 46. Nxf7 Kxf7 47. Rgg1 Re6 48. Re1 Rc6 49. Rd1 Ke6 50. Rhe1+ Kf5 51. Rf1+ Kg6 52. Kc2 Re6 53. Rde1 Rc6 54. Kb3 Kf7 55.
a4 Rb6 56. axb5 Rxb5+ 57. Kc2 a5 58. Ra1 Rc5 59. Rf4 Ke6 60. Re4+ Kd7 61. Rea4 Bd8 62. Kd3 g5 63. Rd4+ Ke7 64. Re1+ 1-0

[Event "*** Titled Tuesday Blitz"]
[Site "Chess.com"]
[Date "2021.04.27"]
[Round "2"]
[White "sokidze"]
[Black "ehrenfeld"]
[Result "1/2-1/2"]
[WhiteElo "2707"]
[BlackElo "2510"]
[TimeControl "180+1"]
[EndTime "10:19:37 PDT"]
[Termination "Game drawn - insufficient material"]

1. d4 Nf6 2. g3 d5 3. Nf3 c6 4. c4 Bf5 5. Nc3 e6 6. Nh4 Bg6 7. Nxg6 hxg6 8. Qd3 Nbd7 9. Bg2 Bd6 10. O-O Ng4 11. h3 Ngf6 12. Rd1 O-O 13. Rb1 Qe7 14.
Bg5 dxc4 15. Qxc4 Bc7 16. e4 e5 17. d5 Nb6 18. Qe2 cxd5 19. exd5 Rad8 20. Rbc1 Rfe8 21. a4 Bb8 22. a5 Nc8 23. Ne4 Nd6 24. Nxf6+ gxf6 25. Be3 Nf5 26. Bc5 Nd6 27. h4 f5 28. h5 Kg7 29. Qe3 a6 30. Bf3 Qf6 31. hxg6 fxg6 32. Kg2 Nf7 33. Rh1 e4 34. Bd1 Be5 35. Bb3 Rh8 36.
Rxh8 Rxh8 37. Rh1 Rxh1 38. Kxh1 Bxb2 39. Kg2 Be5 40. f3 exf3+ 41. Qxf3 Bd6 42. Bf2 Ng5 43. Qd3 Ne4 44. Bd4 Be5 45. Bf2 Qd6 46. Bd1 Nxf2 47. Kxf2 Qc5+ 48. Kf1 Bd6 49. Qb3 Kf6 50. Qb2+ Be5 51.
Qxb7 Qxa5 52. Qc6+ Kg5 53. Qc1+ Kf6 54. Qc6+ Kg7 55.
Qd7+ Kh6 56. Qc6 Qb5+ 57. Qxb5 axb5 58. Be2 Bxg3 59. Bxb5 Bd6 60. Kg2 Kg5 61. Be2 Kf4 62. Bd3 g5 63. Bb1 g4 64. Bc2 Kg5 65. Bb1 f4 66.
Be4 f3+ 67. Bxf3 gxf3+ 68. Kxf3 Kf5 69. Ke3 Ke5 70. Kf3 Kxd5 1/2-1/2

[Event "*** Titled Tuesday Blitz"]
[Site "Chess.com"]
[Date "2021.04.27"]
[Round "2"]
[White "chito89"]
[Black "A-S-00"]
[Result "1-0"]
[WhiteElo "2756"]
[BlackElo "2328"]
[TimeControl "180+1"]
[EndTime "10:19:38 PDT"]
[Termination "chito89 won by checkmate"]

1. e4 e6 2. d4 d5 3. Nd2 Nf6 4.
e5 Nfd7 5. Bd3 c5 6. c3 Nc6 7. Ne2 Qb6 8. Nf3 Be7 9. O-O O-O 10. b3 f6 11. Nf4 fxe5 12. Nxe6 e4 13. Nxf8 Nxf8 14.
Bc2 exf3 15. Qd3 g6 16. Qxf3 cxd4 17. Qxd5+ Be6 18. Qe4 dxc3 19. Be3 Qb5 20. a4 Qd5 21. Qf4 Bd6 22. Qh6 Qe5 23. Rfe1 Qg7 24. Qh4 Re8 25.
Bh6 Qf7 26. Rad1 Be7 27. Qg3 Bf6 28. Re3 Ne7 29. Rde1 Bd7 30. h4 Bg7 31. Bg5 Nf5 32. Bxf5 Rxe3 33. Qxe3 Bxf5 34. Qxa7 c2 35. Qc5 Ne6 36.
Qc8+ Qf8 37. Qc4 Kh8 38. g4 Nxg5 39. hxg5 Bd7 40. Qxc2 Bxg4 41. Re3 Bf5 42. Qe2 Kg8 43. Re8 Qxe8 44. Qxe8+ Bf8 45. Qe3 Kf7 46. f4 Be7 47. Kg2 Be6 48. Kg3 Bd5 49. Qe5 Be6 50. Qh8 Bxb3 51.
Qxh7+ Ke6 52. Qxg6+ Kd7 53. f5 Bd5 54. f6 Bd6+ 55.
Kg4 Be6+ 56. Kh5 Bf4 57. f7 Ke7 58. Qxe6+ Kf8 59. Qe8+ Kg7 60. Qg8# 1-0

[Event "*** Titled Tuesday Blitz"]
[Site "Chess.com"]
[Date "2021.04.27"]
[Round "2"]
[White "malakismayil"]
[Black "MaevskiyNikolay"]
[Result "0-1"]
[WhiteElo "2270"]
[BlackElo "2474"]
[TimeControl "180+1"]
[EndTime "10:19:39 PDT"]
[Termination "MaevskiyNikolay won by resignation"]

1. e4 e6 2. d4 d5 3. Nd2 a6 4.
c3 c5 5. exd5 exd5 6. Ngf3 Nc6 7. Be2 Nf6 8. O-O cxd4 9. cxd4 Bd6 10. Re1 O-O 11. h3 Bf5 12. Nb3 h6 13. Be3 Re8 14. Nc1 Ne4 15. Nd3 Qf6 16. Qb3 Red8 17. Kh1 Qe6 18.
Nf4 Nxf2+ 19. Bxf2 Bxf4 20. Bd3 Be4 21. Bxe4 dxe4 22. Qxe6 fxe6 23. Rxe4 Bc7 24. Rxe6 Bb6 25. d5 Bxf2 26. dxc6 bxc6 27. Rxc6 Bg3 28. Rac1 a5 29. Rg6 Bf4 30. Rf1 Kh7 31. Rg4 Bc7 32. Rc1 Rd7 33.
b3 Rad8 34. g3 Rd1+ 35. Rxd1 Rxd1+ 36. Kg2 Rc1 37. Rc4 Rxc4 38. bxc4 Kg6 39. g4 Kf6 40. Kf2 Bf4 41. Ke2 Ke6 42. Kd3 Bg3 43. Ke4 g6 44.
Nd4+ Kd6 45. Ne2 Be1 46. Nf4 h5 47. Nd3 Bc3 48. gxh5 gxh5 49. Kf5 h4 50. Kg4 Bf6 51. Kf5 Bd8 52. Ke4 Bf6 53. Kf5 Bd8 54. a4 Be7 55.
Kg6 Ke6 56. Nf4+ Ke5 57. Nd5 Bc5 58. Kg5 Bf2 59. Nc3 Kd4 60. Nd1 Be1 61. Nb2 Kc3 62. c5 Kxb2 63. c6 Bg3 64. c7 Bxc7 65. Kxh4 Kb3 66. Kg5 Be5 0-1

[Event "*** Titled Tuesday Blitz"]
[Site "Chess.com"]
[Date "2021.04.27"]
[Round "2"]
[White "CrushingKings"]
[Black "Thjop"]
[Result "1-0"]
[WhiteElo "2519"]
[BlackElo "2695"]
[TimeControl "180+1"]
[EndTime "10:19:41 PDT"]
[Termination "CrushingKings won by checkmate"]

1. e4 e6 2. Nf3 d5 3. Nc3 Nf6 4. e5 Nfd7 5. d4 c5 6. dxc5 Nc6 7. Bf4 Nxc5 8. Bd3 a6 9. h4 b5 10. a3 Qb6 11. Kf1 h6 12. h5 Be7 13. Rh3 Bb7 14.
Rg3 Bf8 15. Qe2 O-O-O 16. Rg4 Kb8 17. a4 b4 18. a5 Nxa5 19. Na4 Nxa4 20. Rxa4 Nc4 21.
b3 Nb2 22. Be3 Qc7 23. Ra2 Nxd3 24. Qxd3 Rc8 25. Bd2 a5 26. Be3 Bc5 27. Rxg7 Qb6 28. Bxc5 Rxc5 29. Kg1 Rc3 30. Qd2 Qc7 31. Qf4 Rxc2 32.
Rxc2 Qxc2 33. Qxf7 Qc8 34. Nd4 Rf8 35. Qe7 Qc1+ 36.
Kh2 Qf4+ 37. Rg3 Qxf2 38. Nxe6 Rc8 39. Qd6+ Ka8 40. Nc7+ Ka7 41. Nb5+ Ka8 42. Nc7+ Ka7 43. Nb5+ Ka8 44. e6 d4 45. Nc7+ Ka7 46. Nb5+ Ka8 47. e7 d3 48. Nc7+ Ka7 49. Qxd3 Qf4 50. Qe3+ Qxe3 51. Rxe3 Bc6 52. e8=Q Bxe8 53. Nxe8 Rc3 54. Re7+ Kb6 55. Re6+ Kb7 56. Rxh6 Rxb3 57. Nd6+ Kc6 58.
Nc4+ Kb5 59. Nd2 Rd3 60. Ne4 b3 61. Rh8 Ka4 62. Nc5+ Kb4 63. Nxd3+ Kc3 64. Rd8 a4 65. h6 a3 66. h7 b2 67. h8=Q+ Kc2 68. Nxb2 axb2 69.
Rd2+ Kb1 70. Qxb2# 1-0

[Event "*** Titled Tuesday Blitz"]
[Site "Chess.com"]
[Date "2021.04.27"]
[Round "2"]
[White "Anton_Demchenko"]
[Black "andriipalchuk"]
[Result "1-0"]
[WhiteElo "2920"]
[BlackElo "2594"]
[TimeControl "180+1"]
[EndTime "10:19:42 PDT"]
[Termination "Anton_Demchenko won by resignation"]

1. e4 c6 2. d3 d5 3. Nd2 e5 4.
Ngf3 Bd6 5. g3 Nf6 6. Bg2 O-O 7.
O-O Re8 8. Re1 Nbd7 9. b3 a5 10. a3 Nf8 11. Bb2 Ng6 12. c3 Be6 13. Qc2 Qd7 14.
b4 Bh3 15. Bh1 b5 16. Rad1 Qa7 17. Nb3 a4 18. Nbd2 Bc7 19. Nf1 Bxf1 20. Kxf1 Rad8 21. Bc1 Bb6 22. h3 h6 23. Bg2 dxe4 24. dxe4 Nd7 25.
h4 Nf6 26. Bh3 Nf8 27. Kg2 Qb7 28. Rxd8 Bxd8 29. c4 Bc7 30. c5 Ne6 31. Bb2 Qb8 32. Rd1 Rd8 33. Bxe6 fxe6 34. Rxd8+ Qxd8 35. Bxe5 Bxe5 36. Nxe5 Qc7 37. f4 h5 38. Qd3 Kf8 39. Kf3 Ke7 40.
Qd4 Ne8 41. g4 hxg4+ 42. Nxg4 Nf6 43. Ne5 Ne8 44. Qd1 Nf6 45. Qg1 Kf8 46. Qd1 Ke7 47.
Qd3 Ne8 48. Qd4 Nf6 49. Kg3 Nh5+ 50. Kg4 Nf6+ 51. Kg5 Ke8 52. Kg6 Qe7 53. h5 Ng8 54. Ng4 Qf7+ 55. Kg5 Qe7+ 56. Kg6 Qf7+ 57. Kh7 g6+ 58.
Kh8 gxh5 59. Ne5 Qe7 60. Ng6 h4 61. Nxe7 h3 62. Nxg8 h2 63. Nf6+ Kf7 64. Qd1 Kxf6 65. Qh1 1-0

[Event "*** Titled Tuesday Blitz"]
[Site "Chess.com"]
[Date "2021.04.27"]
[Round "2"]
[White "ExtremeLearner"]
[Black "RamyresCoelho"]
[Result "1-0"]
[WhiteElo "2428"]
[BlackElo "2198"]
[TimeControl "180+1"]
[EndTime "10:19:42 PDT"]
[Termination "ExtremeLearner won by resignation"]

1. d4 Nf6 2. c4 g6 3. Nc3 d5 4. Nf3 Bg7 5. h4 c5 6. dxc5 Qa5 7. cxd5 Nxd5 8. Qxd5 Bxc3+ 9. Bd2 Bxd2+ 10. Nxd2 O-O 11. Rd1 Rd8 12. Qb3 Nc6 13. e3 Qxc5 14. Bc4 e6 15. h5 Na5 16. Ne4 Rxd1+ 17. Qxd1 Qb4+ 18. Qd2 Qxd2+ 19. Nxd2 Nxc4 20. Nxc4 b5 21. Nd6 Bd7 22. Kd2 Bc6 23. e4 Rd8 24. e5 Bxg2 25. Rg1 Bd5 26. Ke3 Bxa2 27. f4 Bd5 28. Ra1 Rd7 29. h6 f6 30.
Rc1 Bc4 31. b3 fxe5 32. fxe5 Rc7 33. bxc4 bxc4 34. Kd4 c3 35. Ne4 c2 36. Nf6+ Kf7 37. Kd3 g5 38. Nxh7 Kg6 39. Nf8+ Kxh6 40. Nxe6 Rd7+ 41.
Ke4 Re7 42. Kf5 Rf7+ 43. Kg4 Rf2 44. Rh1+ Kg6 45. Rc1 a5 46. Nd4 a4 47. Rxc2 Rxc2 48. Nxc2 a3 49. Nxa3 Kh6 50. Nc4 Kg6 51. Ne3 Kh6 52.
Nf5+ Kg6 53. Ng3 Kh6 54. Ne4 Kg6 55. Nxg5 Kg7 56. Nf3 Kf8 57. Kf5 Ke7 58. Ng5 Kd7 59. e6+ Ke7 60. Ne4 Ke8 61. Kf6 Kf8 62. e7+ Ke8 63.
Nd6+ Kd7 64. e8=Q+ Kxd6 65. Qe6+ Kc7 66. Ke5 Kd8 67. Qf7 1-0

[Event "*** Titled Tuesday Blitz"]
[Site "Chess.com"]
[Date "2021.04.27"]
[Round "2"]
[White "maximych26"]
[Black "Cptn2"]
[Result "1/2-1/2"]
[WhiteElo "2294"]
[BlackElo "2578"]
[TimeControl "180+1"]
[EndTime "10:19:44 PDT"]
[Termination "Game drawn by repetition"]

1. e4 c5 2. Nf3 Nf6 3. e5 Nd5 4. Nc3 Nc7 5. Be2 Nc6 6. O-O g6 7. Ne4 Bg7 8. Nxc5 Nxe5 9. Nxe5 Bxe5 10. d4 Bg7 11. c3 O-O 12. h4 h5 13. Ne4 d5 14. Ng5 Ne6 15. Nf3 Qd6 16. Re1 Nf4 17.
Bf1 Bg4 18. g3 Ne6 19. Be2 a5 20. a4 Rac8 21. Be3 Nd8 22. Bf4 Qb6 23. Qd2 Nc6 24. Ne5 Nxe5 25. Bxe5 Bxe2 26. Rxe2 e6 27. Bxg7 Kxg7 28.
Qe3 Rc4 29. Qe5+ Kg8 30. g4 hxg4 31. h5 f6 32. Qf4 gxh5 33. Qh6 Rc7 34. Rae1 Rh7 35.
Qg6+ Rg7 36. Qxh5 e5 37. dxe5 fxe5 38. Kg2 Qf6 39. Qxe5 Qf3+ 40. Kg1 g3 41. Qe6+ Kh8 42. Qh3+ Kg8 43. Qe6+ Rff7 44. Qc8+ Kh7 45. Qh3+ Kg8 46. Re8+ Rf8 47. Rxf8+ Qxf8 48. fxg3 Qc5+ 49. Kh1 Qc6 50. Kg1 d4 51. cxd4 Qd6 52. Qe6+ Qxe6 53. Rxe6 Rxg3+ 54. Kf2 Rb3 55. Re8+ Kf7 56. Re5 Rxb2+ 57. Ke3 Rb4 58.
Rxa5 Ke6 59. Rb5 Rxa4 60. Rxb7 Kd5 61. Rb5+ Kc6 62. Rh5 Ra1 63. Ke4 Re1+ 64. Kd3 Rd1+ 65. Ke4 Re1+ 66. Kd3 Rd1+ 67. Ke4 Re1+ 1/2-1/2